 Dungeon Crawl Stone Soup version 0.23.1 (webtiles) character file.

Game seed: 0

705092 poirepourri the Timeless (level 27, -29/171 HPs)
             Began as a Gargoyle Fighter on Mar 2, 2019.
             Was a High Priest of Cheibriados.
             Annihilated by an Orb Guardian (30 damage)
             ... on level 5 of the Realm of Zot.
             The game lasted 02:02:07 (61463 turns).

poirepourri the Timeless (Gargoyle Fighter)        Turns: 61463, Time: 02:02:08

Health: -29/171    AC: 65    Str: 45 (46) XL:     27
Magic:  0/35       EV: 28    Int: 24 (25) God:    Cheibriados [*****.]
Gold:   6615       SH: 25    Dex: 37      Spells: 28/40 levels left

rFire    + + .     SeeInvis +   O - +9 morningstar of Muhut {vamp, rN+ Int+3}
rCold    + . .     Gourm    .   h - +4 shield {reflect}
rNeg     + + +     Faith    .   y - +10 plate armour "Isafaumelo" {rC+ Str+2}
rPois    ∞         Spirit   +   s - +2 hat of the Bear Spirit {Spirit, +Rage rN+ MR++}
rElec    +         Reflect  +   S - +2 cloak "Earthly Heaven" {Regen+ Str+2 Slay+2}
rCorr    .         Harm     .   Z - +2 pair of gloves {Str+3}
MR       ++++.                  V - +2 pair of boots
Stlth    ..........             Q - amulet of regeneration
HPRegen  1.18/turn              I - ring "Ohescheo" {*Drain rF++ EV+2 Str+4}
MPRegen  0.24/turn              u - +5 ring of dexterity

@: very slow
A: big wings, icy blue scales 1, iridescent scales 1, rugged brown scales 1, see
invisible, deterioration 1, dopey 1, frail 1, low mp 1, negative energy
resistance 1, electricity resistance, weak 1, unbreathing, petrification
resistance, no potion heal 1, rot immunity, MP-powered wands, AC +20
}: 4/15 runes: decaying, slimy, silver, gossamer
a: Fly, Bend Time, Temporal Distortion, Slouch, Step From Time, Renounce
Religion, Evoke Berserk Rage


You were on level 5 of the Realm of Zot.
You worshipped Cheibriados.
Cheibriados was extremely pleased with you.
You were hungry.

You visited 11 branches of the dungeon, and saw 55 of its levels.
You also visited: Desolation.

You collected 9936 gold pieces.
You spent 3321 gold pieces at shops.

Inventory:

Hand Weapons
 b - a +1 sacred scourge of holy wrath
 O - the +9 morningstar of Muhut (weapon) {vamp, rN+ Int+3}
   (You found it on level 2 of the Elven Halls)

   It inflicts no extra harm, but heals its wielder when it wounds a living foe.
   It affects your intelligence (+3).
   It protects you from negative energy.
Missiles
 J - a throwing net (quivered)
Armour
 h - a +4 shield of reflection (worn)
 s - the +2 hat of the Bear Spirit (worn) {Spirit, +Rage rN+ MR++}
   (You found it in the Desolation of Salt)

   It protects you from negative energy.
   It affects your resistance to hostile enchantments.
   It lets you go berserk.
 y - the +10 plate armour "Isafaumelo" (worn) {rC+ Str+2}
   (You found it on level 2 of the Depths)

   It affects your strength (+2).
   It protects you from cold.
 S - the +2 cloak "Earthly Heaven" (worn) {Regen+ Str+2 Slay+2}
   (You acquired it on level 3 of the Elven Halls)

   It affects your strength (+2).
   It affects your accuracy and damage with ranged weapons and melee attacks
   (+2).
   It increases your rate of regeneration.
 V - a +2 pair of boots (worn)
 Z - a +2 pair of gloves of strength (worn)
Jewellery
 j - the ring "Diolyrr" {rElec rC+ Str+2}
   (You took it off a tengu reaver on level 5 of the Vaults)

   [ring of strength]

   It affects your strength (+2).
   It protects you from cold.
   It insulates you from electricity.
 u - a +5 ring of dexterity (right hand)
 v - a +6 ring of intelligence
 C - an uncursed ring of positive energy
 I - the ring "Ohescheo" (left hand) {*Drain rF++ EV+2 Str+4}
   (You took it off a servant of whispers in the Desolation of Salt)

   [ring of evasion]

   It affects your evasion (+2).
   It affects your strength (+4).
   It greatly protects you from fire.
   It causes draining when unequipped.
 Q - an amulet of regeneration (around neck)
 R - an uncursed ring of resist corrosion
Wands
 c - a wand of clouds (4)
 d - a wand of acid (2)
 g - a wand of enslavement (5)
 k - a wand of paralysis (60)
 o - a wand of digging (17)
 w - a wand of iceblast (47)
 x - a wand of scattershot (3)
 M - a wand of polymorph (17)
 U - a wand of disintegration (6)
Scrolls
 l - 2 scrolls of holy word
 m - 6 scrolls of fog
 n - 14 scrolls of identify
 q - 25 scrolls of remove curse
 t - 10 scrolls of teleportation
 H - a scroll of silence
 N - 6 scrolls of blinking
 P - 8 scrolls of magic mapping
 X - 5 scrolls of fear
Potions
 e - 19 potions of curing
 r - 4 potions of lignification
 z - 2 potions of invisibility
 A - 4 potions of agility
 B - 7 potions of heal wounds
 E - 2 potions of might
 G - 5 potions of resistance
 K - 4 potions of magic
 L - 4 potions of cancellation
 T - 6 potions of ambrosia
Miscellaneous
 a - a lamp of fire
 i - a phantom mirror
 D - a phial of floods
 W - 2 sacks of spiders
 Y - 2 boxes of beasts
Comestibles
 f - 61 rations


   Skills:
 - Level 22.0 Fighting
 - Level 22.0 Maces & Flails
 + Level 16.1 Throwing
 - Level 14.3 Armour
 - Level 14.0 Dodging
 - Level 20.9 Shields
 - Level 7.4 Spellcasting
 - Level 4.0 Charms
 - Level 5.4 Necromancy
 - Level 24.3 Invocations
 - Level 9.2 Evocations


You had 28 spell levels left.
You knew the following spells:

 Your Spells              Type           Power        Failure   Level  Hunger
a - Apportation           Tloc           #.....       22%         1    None
b - Regeneration          Chrm/Necr      ####......   10%         3    None
c - Infusion              Chrm           ####         4%          1    None
d - Passwall              Tmut/Erth      #.......     32%         2    None
e - Song of Slaying       Chrm           ####....     6%          2    None
g - Spectral Weapon       Hex/Chrm       ###.....     28%         3    None

Your spell library contained the following spells:

 Spells                   Type           Power        Failure   Level  Hunger
 Animate Skeleton         Necr           N/A          2%          1    None
 Pain                     Necr           ####         2%          1    None
 Vampiric Draining        Necr           #####.....   7%          3    None
 Shroud of Golubria       Chrm/Tloc      ###.......   14%         2    None
 Swiftness                Chrm/Air       ###.....     14%         2    None
 Beastly Appendage        Tmut           #.....       22%         1    None
 Confusing Touch          Hex            #.....       22%         1    None
 Corona                   Hex            #......      22%         1    None
 Flame Tongue             Conj/Fire      #....        22%         1    None
 Freeze                   Ice            #...         22%         1    None
 Magic Dart               Conj           #...         22%         1    None
 Sandblast                Erth           #.....       22%         1    None
 Shock                    Conj/Air       #...         22%         1    None
 Sting                    Conj/Pois      #...         22%         1    None
 Summon Butterflies       Summ           #.......     22%         1    None
 Summon Small Mammal      Summ           #...         22%         1    None
 Animate Dead             Necr           N/A          24%         4    ###....
 Ozocubu's Armour         Chrm/Ice       ###.....     28%         3    None
 Blink                    Tloc           N/A          32%         2    None
 Call Imp                 Summ           #.......     32%         2    None
 Ensorcelled Hibernation  Hex/Ice        #.....       32%         2    None
 Poisonous Vapours        Pois/Air       #.....       32%         2    None
 Searing Ray              Conj           #.....       32%         2    None
 Slow                     Hex            #.......     32%         2    None
 Throw Flame              Conj/Fire      #.....       32%         2    None
 Throw Frost              Conj/Ice       #.....       32%         2    None
 Call Canine Familiar     Summ           #.......     54%         3    None
 Confuse                  Hex            #.......     54%         3    None
 Conjure Flame            Conj/Fire      #.......     54%         3    None
 Dazzling Spray           Conj/Hex       #.....       54%         3    None
 Gell's Gravitas          Tloc           #.........   54%         3    None
 Ignite Poison            Fire/Tmut/Pois #.......     54%         3    None
 Lesser Beckoning         Tloc           #.........   54%         3    None
 Mephitic Cloud           Conj/Pois/Air  #.......     54%         3    None
 Recall                   Summ/Tloc      N/A          54%         3    None
 Spider Form              Tmut/Pois      #.........   54%         3    None
 Stone Arrow              Conj/Erth      #.....       54%         3    None
 Summon Guardian Golem    Hex/Summ       #.......     54%         3    None
 Teleport Other           Tloc           #.......     54%         3    None
 Tukima's Dance           Hex            #.......     54%         3    None
 Borgnjor's Vile Clutch   Necr/Erth      ###.......   89%         5    #####..
 Airstrike                Air            #.........   91%         4    ###....
 Cause Fear               Hex            #.........   91%         4    ###....
 Force Lance              Conj/Tloc      #.......     91%         4    ###....
 Fulminant Prism          Conj/Hex       #.........   91%         4    ###....
 Ice Form                 Ice/Tmut       #.......     91%         4    ###....
 Iskenderun's Mystic Bla  Conj           #.......     91%         4    ###....
 Olgreb's Toxic Radiance  Pois           #.......     91%         4    ###....
 Passage of Golubria      Tloc           N/A          91%         4    ###....
 Petrify                  Tmut/Erth      #.......     91%         4    ###....
 Sticky Flame             Conj/Fire      #.......     91%         4    ###....
 Summon Ice Beast         Ice/Summ       #.......     91%         4    ###....
 Summon Lightning Spire   Summ/Air       #.......     91%         4    ###....
 Throw Icicle             Conj/Ice       #.......     91%         4    ###....
 Iskenderun's Battlesphe  Conj/Chrm      ###.....     95%         5    #####..
 Death Channel            Necr           #####.....   98%         6    ######.
 Alistair's Intoxication  Tmut/Pois      #.......     99%         5    #####..
 Aura of Abjuration       Summ           #.........   99%         5    #####..
 Bolt of Magma            Conj/Fire/Erth #.........   99%         5    #####..
 Fireball                 Conj/Fire      #.........   99%         5    #####..
 Irradiate                Conj/Tmut      #.........   99%         5    #####..
 Lee's Rapid Deconstruct  Erth           #.........   99%         5    #####..
 Lightning Bolt           Conj/Air       #.........   99%         5    #####..
 Metabolic Englaciation   Hex/Ice        #.........   99%         5    #####..
 Silence                  Hex/Air        #.........   99%         5    #####..
 Summon Forest            Summ/Tloc      #.........   99%         5    #####..
 Venom Bolt               Conj/Pois      #.........   99%         5    #####..
 Yara's Violent Unravell  Hex/Tmut       #.........   99%         5    #####..
 Bolt of Fire             Conj/Fire      #.........   100%        6    ######.
 Darkness                 Hex            #.........   100%        6    ######.
 Freezing Cloud           Conj/Ice/Air   #.........   100%        6    ######.
 Hydra Form               Tmut           #.........   100%        6    ######.
 Invisibility             Hex            #.......     100%        6    ######.
 Iron Shot                Conj/Erth      #.........   100%        6    ######.
 Poison Arrow             Conj/Pois      #.........   100%        6    ######.
 Shadow Creatures         Summ           N/A          100%        6    ######.
 Simulacrum               Ice/Necr       ###.......   100%        6    ######.
 Dragon Form              Tmut           #.........   100%        7    #######
 Haunt                    Necr/Summ      ###.......   100%        7    #######
 Orb of Destruction       Conj           #.........   100%        7    #######
 Spellforged Servitor     Conj/Summ      #.........   100%        7    #######
 Summon Hydra             Summ           #.........   100%        7    #######
 Borgnjor's Revivificati  Necr           #####.....   100%        8    #######
 Chain Lightning          Conj/Air       #.........   100%        8    #######
 Death's Door             Chrm/Necr      ####......   100%        8    #######
 Infestation              Necr           #####.....   100%        8    #######
 Lehudib's Crystal Spear  Conj/Erth      #.........   100%        8    #######
 Necromutation            Tmut/Necr      ###.......   100%        8    #######
 Dragon's Call            Summ           #.........   100%        9    #######
 Fire Storm               Conj/Fire      #.........   100%        9    #######
 Glaciate                 Conj/Ice       #.........   100%        9    #######
 Sublimation of Blood     Necr           Unusable     N/A         2    N/A

Dungeon Overview and Level Annotations

Branches:
Dungeon (15/15)            Temple (1/1) D:4            Lair (6/6) D:10
  Swamp (4/4) Lair:4       Spider (4/4) Lair:2        Slime (5/5) Lair:6
    Orc (2/2) D:10            Elf (3/3) Orc:2        Vaults (5/5) D:14
  Crypt (0/3) Vaults:2     Depths (5/5) D:15            Zot (5/5) Depths:5

Altars:
Ashenzari
Cheibriados
Dithmenos
Elyvilon
Fedhas
Gozag
Hepliaklqana
Kikubaaqudgha
Makhleb
Nemelex Xobeh
Okawaru
Qazlal
Ru
Sif Muna
Trog
Uskayaw
Vehumet
Wu Jian
Xom
Yredelemnul
Zin
The Shining One
Jiyva

Shops:
D:8 *   D:11 [(!:*   D:12 [!:   D:15 *   Orc:2 **:%   Elf:1 }==:   Elf:2 =
Vaults:4 (   Vaults:5 (   Depths:1 ?   Depths:5 %

Portals:
Hell: Depths:1 Depths:2 Depths:3 Depths:4 Depths:5
Abyss: Depths:2 Depths:4 Depths:5
Pandemonium: Depths:1 Depths:3
Ziggurat: Depths:1

Annotations:
D:13 1 runed translucent door
Spider:4 2 transporters, Taocaav's ghost, adept CeHu
Vaults:4 3 runed translucent doors, vishdafish's ghost, adept GnFi
Zot:2 ShutUppercut's ghost, legendary DsGl


Innate Abilities, Weirdness & Mutations

You are resistant to torment.
Your stone body is resilient. (AC +20)
You are immune to poison.
Your large and strong wings let you fly indefinitely.
You resist negative energy. (rN+)
You are resistant to electric shocks. (rElec)
You can survive without breathing.
You are immune to petrification.
You are immune to rotting.
You are partially covered in icy blue scales. (AC +2)
You are partially covered in iridescent scales. (AC +2)
You are partially covered in rugged brown scales. (AC +1, +3% HP)
You have supernaturally acute eyesight. (SInv)
Your body sometimes deteriorates upon taking damage.
You are dopey. (Int -2)
You are frail. (-10% HP)
Your magical capacity is low. (-10% MP)
You are weak. (Str -2)
Potions are less effective at restoring your health.
You expend magic power (3 MP) to strengthen your wands.


Message History

You can feel time thicken for a moment.
You feel somewhat more hungry. You block the Orb Guardian's attack.
The Orb Guardian hits you but does no damage.
The Orb Guardian closely misses you. You block the Orb Guardian's attack.
The Orb Guardian completely misses you. The Orb Guardian hits you!
* * * LOW HITPOINT WARNING * * *
You block the Orb Guardian's attack. You block the moth of wrath's attack.
The Orb Guardian completely misses you.
Unknown command.
Your system partially rejects the healing.
You feel much better.
The Orb Guardian hits you but does no damage.
The Orb Guardian barely misses you. You block the Orb Guardian's attack.
The Orb Guardian barely misses you. The Orb Guardian hits you!!!
* * * LOW HITPOINT WARNING * * *
You block the moth of wrath's attack. You block the Orb Guardian's attack.
The Orb Guardian hits you!
* * * LOW HITPOINT WARNING * * *
The Orb Guardian closely misses you. The Orb Guardian hits you!!
You die...

▓▓▓▓▓▓▓▓▓▓#
......^.yX### ##
......##X@XX## ##.
.....
###XX.###########..
....
##............^..
...
##.............# .^
#.............# .
##...........##
#...........#
##......^....##
#.............#


You could see 6 Orb Guardians and a moth of wrath.

Vanquished Creatures
  the Royal Jelly (Slime:5)
  Dissolution (Slime:2)
  3 orbs of fire
  5 ancient liches
  Mennas (Depths:5)
  Sojobo (Vaults:4)
  Bai Suzhen (Swamp:3)
  Saint Roka (Vaults:2)
  Frederick (Vaults:3)
  Xtahua (Depths:5)
  3 curse toes
  3 caustic shrikes
  Nikola (Depths:3)
  12 golden dragons
  the Enchantress (Depths:3)
  Arachne (Spider:2)
  A bone dragon (Zot:3)
  3 electric golems
  15 tentacled monstrosities
  The ghost of fizz the Brawler, an adept TrFi of Okawaru (Depths:2)
  8 liches
  9 Orb Guardians (Zot:5)
  29 acid blobs
  7 quicksilver dragons
  2 deep elf blademasters (Elf:3)
  5 titans
  6 death cobs
  A sphinx (shapeshifter) (Vaults:5)
  6 sphinxes
  Frances (D:12)
  Donald (Spider:3)
  17 shadow dragons
  4 thorn hunters
  21 storm dragons
  8 tengu reavers
  8 fire giants
  3 draconian monks
  16 azure jellies
  8 deep elf sorcerers
  14 vault wardens
  2 draconian scorchers (Zot:4)
  2 draconian knights
  4 iron dragons
  5 ghost moths
  9 frost giants
  Aizul (Swamp:1)
  5 imperial myrmidons (Desolation)
  10 emperor scorpions
  5 deep elf elementalists
  A draconian stormcaller (Depths:5)
  4 draconian annihilators
  2 draconian shifters
  2 angels (Elf:1)
  A juggernaut skeleton (Depths:3)
  5 spriggan defenders
  12 ironheart preservers
  21 stone giants
  38 very ugly things
  Nessos (D:14)
  6 black draconians
  5 entropy weavers
  6 white draconians
  5 green draconians
  111 slime creatures
  6 deep elf demonologists
  7 red draconians
  A lorocyproca (Depths:3)
  A halazid warlock (Desolation)
  10 deep elf annihilators
  The ghost of Lanoc the Fencer, a journeyman OpCK of Xom (Orc:1)
  The ghost of Tungsten the Severer, a journeyman MiBe of Trog (Orc:2)
  4 spark wasps
  11 purple draconians
  6 yellow draconians
  A small abomination (Vaults:5)
  A minotaur (shapeshifter) (Depths:2)
  Snorg (D:11)
  A crystal guardian (Desolation)
  14 ettins
  A spectral golden dragon (Depths:2)
  13 death oozes
  18 great orbs of eyes
  13 fire dragons
  8 deep elf high priests
  9 ragged hierophants (Desolation)
  7 deep elf death magi
  10 yaktaur captains
  20 hydras
  Fannar (D:12)
  25 vault guards
  A ghost crab (Swamp:4)
  7 rakshasas
  9 servants of whispers (Desolation)
  6 shambling mangroves
  A caustic shrike simulacrum (Depths:2)
  A hell beast (Depths:3)
  A juggernaut simulacrum (Depths:2)
  5 spriggan air magi
  4 death knights
  15 ice dragons
  A catoblepas (Lair:6)
  26 ogre magi
  16 centaur warriors
  8 peacekeepers (Desolation)
  9 death yaks
  A queen ant (shapeshifter) (Depths:1)
  2 satyrs (shapeshifter)
  Erica (Lair:1)
  6 tengu warriors
  3 spectral elves (Depths:2)
  10 alligators
  32 dancing weapons
  14 deep troll shamans
  79 two-headed ogres
  2 orc high priests
  2 soul eaters
  A spectral spriggan (Depths:2)
  2 vampire magi
  12 deep troll earth magi
  A shock serpent (shapeshifter) (Vaults:5)
  5 spriggan berserkers
  3 sun demons (Depths:3)
  7 hell knights
  18 deep elf knights
  A storm dragon zombie (Depths:3)
  5 iron trolls
  A fire crab (shapeshifter) (D:11)
  4 skeletal warriors (Vaults:2)
  A sixfirhy (Depths:3)
  6 glowing orange brains
  A sea snake (shapeshifter) (Vaults:5)
  An infernal demonspawn (Depths:3)
  34 deep trolls
  4 unseen horrors
  3 spriggan druids
  2 large abominations
  6 flayed ghosts
  5 wizards
  4 phantasmal warriors
  A lindwurm (shapeshifter) (Vaults:2)
  10 necromancers
  Pikel (D:5)
  A harpy (shapeshifter) (Depths:4)
  An obsidian statue (Depths:3)
  A golden dragon skeleton (Depths:4)
  9 swamp dragons
  10 orb spiders
  13 deep elf archers
  A mana viper (shapeshifter) (Vaults:5)
  17 ironbrand convokers
  A wolf spider zombie (D:15)
  2 lindwurms
  8 orc knights
  51 wolf spiders
  46 ugly things
  An oklob plant (Swamp:3)
  4 orc sorcerers
  3 cyclopes
  57 deep elf magi
  A salamander (Depths:3)
  3 manticores
  10 shining eyes
  A salamander (shapeshifter) (Vaults:1)
  5 elephants
  23 moths of wrath
  2 rust devils (Depths:3)
  11 vault sentinels
  A frost giant skeleton (Depths:4)
  6 black mambas
  A guardian serpent (Desolation)
  A titan simulacrum (Depths:4)
  A gargoyle (D:12)
  An ice statue (Elf:3)
  12 spiny frogs
  2 eyes of devastation
  A smoke demon (Depths:3)
  3 centaur skeletons
  A torpor snail (Spider:1)
  A storm dragon simulacrum (Depths:2)
  An orange demon (Depths:3)
  2 spiny frogs (shapeshifter)
  A tormentor (Depths:1)
  50 yaktaurs
  5 freezing wraiths
  9 komodo dragons
  A red devil (Depths:3)
  21 demonic crawlers
  An ice devil (Depths:3)
  7 tengu conjurers
  A hellwing (Depths:3)
  4 meliai
  A queen bee (shapeshifter) (D:14)
  9 trolls
  A golden dragon simulacrum (Depths:2)
  25 jumping spiders
  11 tyrant leeches
  9 blink frogs
  30 hornets
  A sphinx simulacrum (Depths:2)
  A blink frog (shapeshifter) (Vaults:4)
  A shadow dragon simulacrum (Depths:2)
  66 saltlings (Desolation)
  Prince Ribbit (Lair:1)
  2 harpy skeletons
  5 dream sheep (Lair:6)
  14 bog bodies
  13 hippogriffs
  13 water elementals
  17 flying skulls (Zot:1)
  4 air elementals
  38 tarantellas
  A ynoxinul (Depths:1)
  8 spriggans
  A spriggan simulacrum (Depths:4)
  72 yaks
  77 redbacks
  A tarantella (shapeshifter) (Vaults:3)
  3 shadows
  2 vampires (D:15)
  An elf zombie (Depths:4)
  3 wraiths
  8 golden eyes
  2 yaks (shapeshifter)
  A fire elemental (Elf:2)
  2 basilisks
  A basilisk (shapeshifter) (Depths:4)
  2 chaos spawn (Depths:1)
  A steam dragon (D:7)
  15 vampire mosquitoes
  Grum (D:11)
  2 yaktaur simulacra
  4 hungry ghosts
  A soldier ant (shapeshifter) (Vaults:1)
  32 insubstantial wisps
  5 wargs
  17 swamp worms
  4 acid dragons
  8 water moccasins
  13 porcupines
  A floating eye (shapeshifter) (Vaults:5)
  A hornet zombie (D:15)
  18 swamp drakes
  24 orc warriors
  A slave (D:5)
  5 ice beasts
  7 sky beasts
  3 eyes of draining
  6 black bears
  7 boggarts
  23 wolves
  65 ogres
  4 phantoms
  18 centaurs
  2 elf simulacra
  15 crocodiles
  4 big kobolds
  24 bullfrogs
  4 earth elementals
  A water moccasin zombie (D:10)
  A glowing shapeshifter simulacrum (Depths:2)
  4 scorpions
  14 killer bees
  An oklob sapling (Swamp:3)
  5 wights
  11 howler monkeys
  An electric eel (Spider:4)
  4 centaur zombies
  13 crimson imps
  A quasit (D:8)
  3 bullfrog zombies
  2 jellies
  6 hounds
  2 bullfrog skeletons
  An iron imp (Depths:3)
  25 orc priests
  An iguana (shapeshifter) (Vaults:5)
  25 orc wizards
  3 iguanas
  7 worker ants
  Robin (D:3)
  9 adders
  7 shadow imps
  6 white imps
  2 oozes
  3 adder skeletons
  4 worms
  5 dart slugs
  6 leopard geckos
  106 orcs
  A ball python (D:7)
  4 bats
  5 giant cockroaches
  22 goblins
  10 hobgoblins
  11 jackals
  10 quokkas
  2 frilled lizards (D:1)
  A giant cockroach zombie (D:5)
  17 kobolds
  A quokka zombie (D:7)
  6 rats
  A briar patch (Swamp:4)
  A butterfly (D:4)
  5 crawling corpses
  A fungus (Swamp:3)
2662 creatures vanquished.

Vanquished Creatures (collateral kills)
  Mara (Depths:3)
  2 orbs of fire (Zot:5)
  2 golden dragons (Zot:5)
  A caustic shrike zombie (Depths:3)
  A yaktaur captain (Depths:3)
  A great orb of eyes (Depths:3)
  An ice dragon (Depths:3)
  An orb spider (Spider:4)
  A jumping spider (Spider:2)
  A hornet (Spider:4)
  2 redbacks (Spider:2)
14 creatures vanquished.

Vanquished Creatures (others)
  An Orb Guardian (Zot:5)
  2 deep elf master archers (Elf:3)
  A ghost moth (Spider:4)
  2 stone giants
  A purple draconian (Zot:2)
  3 yaktaur captains
  An ice dragon (Depths:3)
  2 centaur warriors
  A vampire mage (Depths:2)
  A deep elf knight (Vaults:1)
  A sun demon (Depths:3)
  A swamp dragon (Swamp:2)
  A wizard (Elf:1)
  3 deep elf archers
  An ironbrand convoker (Vaults:5)
  2 cyclopes
  A moth of wrath (Zot:4)
  A tengu conjurer (D:15)
  5 yaktaurs
  A redback (Spider:4)
  A shadow (Swamp:3)
  A vampire mosquito (Swamp:1)
  2 insubstantial wisps (Swamp:4)
  An orc warrior (Vaults:4)
  A slave (D:5)
  A human (D:10)
  2 ogres
  2 boggarts
  A centaur (Vaults:1)
  A crimson imp (Depths:3)
  A hound (D:5)
  2 orc wizards
  3 orcs
  A briar patch (Swamp:4)
  22 fungi
  12 plants
86 creatures vanquished.

Grand Total: 2762 creatures vanquished

Notes
Turn   | Place    | Note
-------+----------+-------------------------------------------
     0 | D:1      | poirepourri the Gargoyle Fighter began the quest for the
                  | Orb.
     0 | D:1      | Reached XP level 1. HP: 14/14 MP: 1/1
   228 | D:1      | Reached XP level 2. HP: 20/20 MP: 2/2
   790 | D:2      | Reached XP level 3. HP: 18/24 MP: 3/3
  1077 | D:2      | Reached skill level 5 in Fighting
  1226 | D:2      | Reached XP level 4. HP: 31/31 MP: 4/4
  1358 | D:2      | Found a stormy altar of Qazlal.
  1659 | D:2      | Found a burning altar of Makhleb.
  1661 | D:2      | Found a glowing silver altar of Zin.
  1661 | D:2      | Noticed an angel
  1663 | D:2      | Noticed a balrug
  1883 | D:3      | Noticed Robin
  1896 | D:3      | Reached XP level 5. HP: 25/36 MP: 5/5
  1913 | D:3      | Killed Robin
  2693 | D:4      | Reached XP level 6. HP: 40/42 MP: 6/6
  3037 | D:4      | Reached skill level 5 in Maces & Flails
  3115 | D:4      | Reached XP level 7. HP: 43/47 MP: 5/7
  3215 | D:4      | Found a staircase to the Ecumenical Temple.
  3244 | Temple   | Entered the Ecumenical Temple
  3527 | D:4      | Found a white marble altar of Elyvilon.
  3847 | D:5      | Entered Level 5 of the Dungeon
  4087 | D:5      | Noticed Pikel
  4096 | D:5      | Killed Pikel
  4096 | D:5      | Reached XP level 8. HP: 42/52 MP: 6/8
  4488 | D:5      | Found a snail-covered altar of Cheibriados.
  4497 | D:5      | Became a worshipper of Cheibriados the Contemplative
  4684 | D:6      | Reached skill level 10 in Maces & Flails
  4765 | D:6      | Reached XP level 9. HP: 51/56 MP: 9/9
  5109 | D:6      | Found a radiant altar of Vehumet.
  5114 | D:6      | Found an ancient bone altar of Kikubaaqudgha.
  5116 | D:6      | Found a deep blue altar of Sif Muna.
  5122 | D:6      | Identified Sif Muna's Disquisition on Curses
  5445 | D:7      | Found a sparkling altar of Nemelex Xobeh.
  5463 | D:7      | Reached * piety under Cheibriados
  5580 | D:7      | Found a bloodstained altar of Trog.
  5719 | D:7      | Reached ** piety under Cheibriados
  5756 | D:7      | Noticed a troll
  5777 | D:7      | Killed a troll
  5815 | D:7      | Reached XP level 10. HP: 42/61 MP: 4/10
  5891 | D:7      | Found a basalt altar of Yredelemnul.
  5996 | D:7      | Found a glowing golden altar of the Shining One.
  5998 | D:7      | Noticed an angel
  6159 | D:7      | Noticed a profane servitor
  6269 | D:8      | Noticed a two-headed ogre
  6276 | D:8      | Killed a two-headed ogre
  6276 | D:8      | Reached skill level 5 in Shields
  6333 | D:8      | Found Nuetyupp's Assorted Antiques.
  6336 | D:8      | Found a burning altar of Makhleb.
  6337 | D:8      | Bought a coiled lapis lazuli ring for 125 gold pieces
  6337 | D:8      | Bought a runed shield for 187 gold pieces
  6337 | D:8      | Bought a smoky puce potion for 22 gold pieces
  6337 | D:8      | Bought a glowing ring mail for 175 gold pieces
  6365 | D:8      | Identified the cursed ring of Ru's Generosity {Str-5 Dex+4
                  | Stlth+} (You bought it in a shop on level 8 of the Dungeon)
  7017 | D:9      | Found an iron altar of Okawaru.
  7170 | D:9      | Reached *** piety under Cheibriados
  7631 | D:10     | Entered Level 10 of the Dungeon
  7704 | D:10     | Reached **** piety under Cheibriados
  7704 | D:10     | Reached skill level 10 in Shields
  7843 | D:10     | Reached XP level 11. HP: 65/65 MP: 11/11
  7919 | D:10     | Noticed a death knight
  8263 | D:10     | Noticed a white ugly thing
  8548 | D:10     | Identified a scroll of acquirement
  8676 | D:10     | Reached ***** piety under Cheibriados
  8685 | D:10     | HP: 3/65 [orc priest/divine providence (10)]
  9004 | D:11     | Noticed Grum
  9025 | D:11     | Killed Grum
  9042 | D:11     | Found Wouddeq's Assorted Antiques.
  9045 | D:11     | Bought a shiny helmet for 172 gold pieces
  9102 | D:11     | Found Dualausuh's Book Emporium.
  9122 | D:11     | Found Vyloehau's Distillery.
  9173 | D:11     | Noticed a two-headed ogre
  9180 | D:11     | Killed a two-headed ogre
  9254 | D:11     | Noticed an orb spider
  9278 | D:11     | Noticed a fire crab
  9278 | D:11     | an orb spider changed into a fire crab
  9284 | D:11     | Killed a fire crab
  9485 | D:11     | Found Horeawn's Antique Armour Shoppe.
  9632 | D:11     | Noticed Snorg
  9646 | D:11     | Killed Snorg
  9836 | D:11     | Found Ofrewn's Antique Weapon Shoppe.
  9867 | D:12     | Noticed Fannar
  9886 | D:12     | Killed Fannar
  9886 | D:12     | Reached skill level 10 in Fighting
  9886 | D:12     | Reached XP level 12. HP: 72/77 MP: 10/12
 10002 | D:12     | Found Quokogie's Antique Armour Shoppe.
 10003 | D:12     | Noticed Frances
 10020 | D:12     | Killed Frances
 10264 | D:12     | Noticed a seven-headed hydra
 10272 | D:12     | Killed a seven-headed hydra
 10466 | D:12     | Found Vadurhir's Distillery.
 10483 | D:12     | Bought a potion of heal wounds for 60 gold pieces
 10483 | D:12     | Bought a potion of curing for 36 gold pieces
 10483 | D:12     | Bought a potion of curing for 36 gold pieces
 10671 | D:12     | You fall through a shaft for 2 floors!
 10671 | D:14     | Noticed Nessos
 10674 | D:14     | Noticed a two-headed ogre
 10676 | D:14     | Killed Nessos
 10676 | D:14     | Reached ****** piety under Cheibriados
 11421 | D:13     | Found a runed translucent door.
 11459 | D:13     | Found a runed translucent door.
 11481 | D:13     | Reached XP level 13. HP: 86/86 MP: 13/13
 11507 | D:13     | Reached skill level 15 in Maces & Flails
 12336 | D:12     | Found Hangetz's Book Shoppe.
 12694 | D:10     | Found an ancient bone altar of Kikubaaqudgha.
 12864 | D:10     | Found a staircase to the Lair.
 12903 | D:10     | Found a staircase to the Orcish Mines.
 13138 | Lair:1   | Entered Level 1 of the Lair of Beasts
 13298 | Lair:1   | Noticed Erica
 13309 | Lair:1   | Killed Erica
 13309 | Lair:1   | Reached skill level 5 in Armour
 13711 | Lair:1   | Noticed Prince Ribbit
 13716 | Lair:1   | Killed Prince Ribbit
 14491 | Lair:2   | Found a hole to the Spider Nest.
 14498 | Lair:2   | Gained mutation: Your large and strong wings let you fly
                  | indefinitely. [Gargoyle growth]
 14498 | Lair:2   | Reached XP level 14. HP: 92/92 MP: 14/14
 15072 | Lair:3   | Reached skill level 10 in Armour
 15159 | Lair:3   | Found a basalt altar of Yredelemnul.
 15372 | Lair:3   | Reached skill level 1 in Dodging
 16489 | Lair:4   | Found a staircase to the Swamp.
 16692 | Lair:4   | Reached skill level 5 in Dodging
 17753 | Lair:6   | Entered Level 6 of the Lair of Beasts
 17894 | Lair:6   | Reached XP level 15. HP: 96/96 MP: 15/15
 18551 | Lair:6   | Found a staircase to the Slime Pits.
 19029 | Orc:1    | Entered Level 1 of the Orcish Mines
 19029 | Orc:1    | Found a runed translucent gate.
 19029 | Orc:1    | Found a runed translucent gate.
 19029 | Orc:1    | Found an opulent altar of Gozag.
 19029 | Orc:1    | Found a runed translucent gate.
 19029 | Orc:1    | Noticed Lanoc's ghost (journeyman OpCK)
 19225 | Orc:1    | Reached skill level 10 in Dodging
 19530 | Orc:1    | Killed Lanoc's ghost
 19588 | Orc:2    | Entered Level 2 of the Orcish Mines
 20135 | Orc:2    | Found Pahats's Food Emporium.
 20135 | Orc:2    | Found Tadit's General Store.
 20135 | Orc:2    | Found Suog's Book Boutique.
 20135 | Orc:2    | Found Puxed's Assorted Antiques.
 20135 | Orc:2    | Found a staircase to the Elven Halls.
 20301 | Orc:2    | Reached XP level 16. HP: 101/101 MP: 14/16
 20471 | Orc:2    | Found a runed translucent door.
 20475 | Orc:2    | Noticed Tungsten's ghost (journeyman MiBe)
 20611 | Orc:2    | Killed Tungsten's ghost
 20617 | Orc:2    | Identified the Tome of Feathers
 21302 | D:14     | Found a gate to the Vaults.
 21617 | D:15     | Entered Level 15 of the Dungeon
 21695 | D:15     | Found Xodop's Assorted Antiques.
 22147 | D:15     | Found a staircase to the Depths.
 22603 | Spider:1 | Entered Level 1 of the Spider Nest
 23299 | Swamp:1  | Entered Level 1 of the Swamp
 23515 | Swamp:1  | Reached skill level 15 in Shields
 23830 | Swamp:1  | Noticed Aizul
 23845 | Swamp:1  | Killed Aizul
 24154 | Swamp:2  | Reached skill level 1 in Evocations
 24187 | Swamp:2  | Reached XP level 17. HP: 106/106 MP: 18/18
 24655 | Swamp:2  | Reached skill level 5 in Evocations
 25236 | Swamp:3  | Noticed Bai Suzhen
 25264 | Swamp:3  | Killed Bai Suzhen
 26203 | Swamp:4  | Entered Level 4 of the Swamp
 26330 | Swamp:4  | Reached skill level 1 in Invocations
 26340 | Swamp:4  | Reached skill level 2 in Invocations
 26348 | Swamp:4  | Reached skill level 3 in Invocations
 26661 | Swamp:3  | Reached skill level 4 in Invocations
 26746 | Swamp:4  | Reached skill level 5 in Invocations
 26940 | Swamp:4  | Reached skill level 6 in Invocations
 27190 | Swamp:4  | Reached skill level 7 in Invocations
 27218 | Swamp:4  | Reached XP level 18. HP: 112/112 MP: 24/24
 27387 | Swamp:4  | Learned a level 1 spell: Apportation
 27429 | Swamp:4  | Got a decaying rune of Zot
 27434 | Swamp:4  | Learned a level 3 spell: Regeneration
 27467 | Swamp:4  | Reached skill level 8 in Invocations
 27841 | Spider:2 | Reached skill level 9 in Invocations
 28016 | Spider:2 | Noticed Arachne
 28051 | Spider:2 | Killed Arachne
 28051 | Spider:2 | Reached skill level 10 in Invocations
 28121 | Spider:2 | Reached skill level 11 in Invocations
 28966 | Spider:3 | Reached skill level 12 in Invocations
 29315 | Spider:3 | Noticed Donald
 29325 | Spider:3 | Killed Donald
 29425 | Spider:3 | Reached skill level 13 in Invocations
 30268 | Spider:4 | Entered Level 4 of the Spider Nest
 30551 | Spider:4 | Reached skill level 14 in Invocations
 30850 | Spider:4 | Noticed Taocaav's ghost (adept CeHu)
 30861 | Spider:4 | Found a transporter.
 30880 | Spider:4 | Got a scorched chain mail
 30891 | Spider:4 | Identified the +4 chain mail of the Komtur {rElec} (You
                  | acquired it on level 4 of the Spider Nest)
 30919 | Spider:4 | Found a transporter.
 31184 | D:11     | Bought a fine ring mail for 252 gold pieces
 31194 | D:11     | Identified the +1 ring mail of Space {+Blink rF+ Stlth+}
                  | (You bought it in a shop on level 11 of the Dungeon)
 31618 | Spider:4 | Reached XP level 19. HP: 116/116 MP: 29/29
 31724 | Spider:4 | Reached skill level 15 in Invocations
 32015 | Spider:4 | Got a gossamer rune of Zot
 32569 | D:11     | Bought a potion of heal wounds for 75 gold pieces
 32569 | D:11     | Bought a potion of heal wounds for 75 gold pieces
 32569 | D:11     | Bought a potion of agility for 60 gold pieces
 32569 | D:11     | Bought a potion of agility for 60 gold pieces
 32646 | Elf:1    | Entered Level 1 of the Elven Halls
 32679 | Elf:1    | Reached skill level 16 in Invocations
 32884 | Elf:1    | Found a ruined gateway.
 32894 | Elf:1    | Found a white marble altar of Elyvilon.
 32894 | Elf:1    | Found a glowing golden altar of the Shining One.
 32906 | Elf:1    | Found a glowing silver altar of Zin.
 32913 | Desolati | Entered the Desolation of Salt
 33016 | Desolati | Reached skill level 17 in Invocations
 33043 | Desolati | Identified the ring "Ohescheo" {*Drain rF++ EV+2 Str+4}
 33160 | Desolati | Reached XP level 20. HP: 126/126 MP: 6/32
 33210 | Desolati | Got a warped tin ring
 33211 | Desolati | Identified the ring of Dizxic {MR+ Int+2} (You found it in
                  | the Desolation of Salt)
 33235 | Desolati | Identified the Almanac of the Rocks and Summoning
 33451 | Desolati | Identified the amulet of Equilibrium {Gourm rElec} (You
                  | found it in the Desolation of Salt)
 33655 | Desolati | Found the +2 hat of the Bear Spirit {Spirit, +Rage rN+
                  | MR++}
 33660 | Desolati | Got a bone morningstar
 33661 | Desolati | Identified the +6 morningstar "Tysteg" {venom, Int+6} (You
                  | found it in the Desolation of Salt)
 33927 | Elf:1    | Reached skill level 15 in Fighting
 34094 | Elf:1    | Found a deep blue altar of Sif Muna.
 34284 | Elf:1    | Found Zilaom's Gadget Shop.
 34284 | Elf:1    | Found Xyimash's Jewellery Emporium.
 34285 | Elf:1    | Found Eruleint's Jewellery Emporium.
 34299 | Elf:1    | Found Gingepsun's Book Shop.
 34706 | Elf:2    | Found Ello's Jewellery Boutique.
 34802 | Elf:2    | Found a runed translucent gate.
 34802 | Elf:2    | Found a runed translucent gate.
 34802 | Elf:2    | Found a runed translucent gate.
 34823 | Elf:2    | Got a jewelled morningstar
 34826 | Elf:2    | Identified the +9 morningstar of Muhut {vamp, rN+ Int+3}
                  | (You found it on level 2 of the Elven Halls)
 35424 | Elf:3    | Entered Level 3 of the Elven Halls
 35883 | Elf:3    | Noticed a Tzitzimitl
 36004 | Elf:3    | Identified the +1 chain mail "Earthly Heaven" {rPois rN+
                  | Int+2 Dex-3}
 36015 | Elf:3    | Reached XP level 21. HP: 132/139 MP: 30/33
 36834 | Elf:3    | Identified the Disquisition on Congealing Combat Magic
 36877 | Elf:3    | Identified the +1 cloak of Generosity {rPois rC- Int+6
                  | SInv} (You found it on level 3 of the Elven Halls)
 36882 | Elf:3    | Identified the cursed +1 fustibalus of Mandamus {velocity,
                  | Stlth+} (You found it on level 3 of the Elven Halls)
 36929 | Elf:3    | Identified the Reference Book on the Arsonist
 36931 | Elf:3    | Identified the Collected Works on Cold and Transformation
 37019 | Elf:3    | Identified the +2 bardiche of Biliaz {venom, Stlth+}
 37360 | Vaults:1 | Entered Level 1 of the Vaults
 37913 | Vaults:1 | Found the +4 robe of Augmentation {Str+4 Int+4 Dex+4}
 37914 | Vaults:1 | Found the +3 crown of Dyrovepreva {rElec Int+2 SInv}
 37928 | Vaults:1 | Found a radiant altar of Vehumet.
 37947 | Vaults:1 | Learned a level 1 spell: Infusion
 37950 | Vaults:1 | Learned a level 2 spell: Passwall
 37953 | Vaults:1 | Learned a level 2 spell: Song of Slaying
 38090 | Vaults:1 | Reached skill level 1 in Spellcasting
 38552 | Vaults:1 | Identified the +3 quarterstaff of Okawaru's Hope {crush,
                  | *Noise rF+ MP+9 Dex+4}
 38691 | Vaults:1 | Reached skill level 5 in Spellcasting
 38825 | Vaults:2 | Noticed Saint Roka
 38849 | Vaults:2 | Killed Saint Roka
 38849 | Vaults:2 | Reached XP level 22. HP: 144/144 MP: 26/34
 39091 | Vaults:2 | Reached skill level 1 in Charms
 39097 | Vaults:2 | Found a staircase to the Crypt.
 39661 | Vaults:2 | Reached skill level 1 in Necromancy
 40123 | Vaults:3 | Noticed Frederick
 40136 | Vaults:3 | Killed Frederick
 40136 | Vaults:3 | Reached skill level 5 in Necromancy
 40455 | Vaults:3 | Found a hazy altar of Hepliaklqana.
 41205 | Vaults:4 | Noticed Sojobo
 41246 | Vaults:4 | Killed Sojobo
 41553 | Vaults:4 | Found a runed translucent gate.
 41553 | Vaults:4 | Found a runed translucent gate.
 41553 | Vaults:4 | Noticed vishdafish's ghost (adept GnFi)
 41567 | Vaults:4 | Found a runed translucent gate.
 41618 | Vaults:4 | Reached XP level 23. HP: 149/149 MP: 35/35
 41764 | Vaults:4 | Found Zomeept's Antique Weapon Emporium.
 41788 | Vaults:4 | Bought a bloodstained mace for 256 gold pieces
 41788 | Vaults:4 | Identified the +9 mace "Adetitext" {speed, rN+ Str+3} (You
                  | bought it in a shop on level 4 of the Vaults)
 42499 | Vaults:5 | Entered Level 5 of the Vaults
 42873 | Vaults:5 | Noticed a golden dragon
 42891 | Vaults:5 | Killed a golden dragon
 43262 | Vaults:5 | Identified the ring "Lefocus" {rF+ rC+ AC+5}
 43276 | Vaults:5 | Reached XP level 24. HP: 156/156 MP: 35/35
 43721 | Vaults:5 | Found Soahauff's Antique Weapon Boutique.
 43747 | Vaults:5 | Identified the ring "Diolyrr" {rElec rC+ Str+2}
 44311 | Vaults:5 | Got a silver rune of Zot
 44771 | Elf:1    | Bought an uncursed ring of resist corrosion for 240 gold
                  | pieces
 45033 | Slime:1  | Entered Level 1 of the Pits of Slime
 45058 | Slime:1  | Gained mutation: You tend to lose your temper in combat. [a
                  | shining eye]
 45062 | Slime:1  | Gained mutation: Armour fits poorly on your strangely
                  | shaped body. [a shining eye]
 45118 | Slime:1  | Lost mutation: Armour fits poorly on your strangely shaped
                  | body. [potion of mutation]
 45118 | Slime:1  | Lost mutation: You tend to lose your temper in combat.
                  | [potion of mutation]
 45118 | Slime:1  | Gained mutation: You are partially covered in slimy green
                  | scales. (AC +2) [potion of mutation]
 45118 | Slime:1  | Gained mutation: You have very sharp teeth. [potion of
                  | mutation]
 45118 | Slime:1  | Gained mutation: Your muscles are strong. (Str +2) [potion
                  | of mutation]
 45238 | Slime:1  | Gained mutation: You tend to lose your temper in combat. [a
                  | shining eye]
 45239 | Slime:1  | Gained mutation: You are frail. (-10% HP) [a shining eye]
 45242 | Slime:1  | Lost mutation: Your muscles are strong. (Str +2) [potion of
                  | mutation]
 45242 | Slime:1  | Lost mutation: You are frail. (-10% HP) [potion of
                  | mutation]
 45242 | Slime:1  | Lost mutation: You tend to lose your temper in combat.
                  | [potion of mutation]
 45242 | Slime:1  | Gained mutation: Scrolls take you a little longer to read.
                  | [potion of mutation]
 45242 | Slime:1  | Gained mutation: You are robust. (+10% HP) [potion of
                  | mutation]
 45242 | Slime:1  | Gained mutation: You are partially covered in icy blue
                  | scales. (AC +2) [potion of mutation]
 45243 | Slime:1  | Lost mutation: You are robust. (+10% HP) [potion of
                  | mutation]
 45243 | Slime:1  | Lost mutation: You have very sharp teeth. [potion of
                  | mutation]
 45243 | Slime:1  | Lost mutation: Scrolls take you a little longer to read.
                  | [potion of mutation]
 45243 | Slime:1  | Lost mutation: You are partially covered in slimy green
                  | scales. (AC +2) [potion of mutation]
 45243 | Slime:1  | Gained mutation: You have large cloven feet. [potion of
                  | mutation]
 45243 | Slime:1  | Gained mutation: You expend magic power (3 MP) to
                  | strengthen your wands. [potion of mutation]
 46254 | Slime:3  | Noticed Dissolution
 46263 | Slime:3  | Paralysed by a floating eye for 2 turns
 46689 | Slime:2  | Killed Dissolution
 47523 | Slime:4  | Reached XP level 25. HP: 146/160 MP: 22/35
 47913 | Slime:5  | Entered Level 5 of the Pits of Slime
 47960 | Slime:5  | Gained mutation: Your magical capacity is low. (-10% MP) [a
                  | shining eye]
 48063 | Slime:5  | Noticed the Royal Jelly
 48288 | Slime:5  | Gained mutation: Your spells are a little harder to cast,
                  | but a little more powerful. [a shining eye]
 48289 | Slime:5  | Gained mutation: You occasionally shout uncontrollably at
                  | your foes. [a shining eye]
 48307 | Slime:5  | Found a viscous altar of Jiyva.
 48425 | Slime:5  | Gained mutation: You tend to lose your temper in combat. [a
                  | shining eye]
 48461 | Slime:5  | Killed the Royal Jelly
 48654 | Slime:5  | Got a translucent brass ring
 48684 | Slime:5  | Identified the ring "Horukk" {Wiz Str+3} (You found it on
                  | level 5 of the Pits of Slime)
 48773 | Slime:5  | Got a slimy rune of Zot
 48809 | Slime:5  | Identified the cursed +1 plate armour "Nuaku" {*Drain rPois
                  | rN+ Stlth+} (You found it on level 5 of the Pits of Slime)
 48852 | Slime:5  | Gained mutation: Your magical capacity is very low. (-20%
                  | MP) [a shining eye]
 49458 | Depths:1 | Entered Level 1 of the Depths
 49518 | Depths:1 | Found Kechyb's Magic Scroll Shop.
 49660 | Depths:1 | Found a gateway to a ziggurat.
 49738 | Depths:1 | Found a gateway to Hell.
 49973 | Depths:1 | Lost mutation: You expend magic power (3 MP) to strengthen
                  | your wands. [potion of mutation]
 49973 | Depths:1 | Lost mutation: You occasionally shout uncontrollably at
                  | your foes. [potion of mutation]
 49973 | Depths:1 | Lost mutation: Your magical capacity is very low. (-20% MP)
                  | [potion of mutation]
 49973 | Depths:1 | Gained mutation: You are partially covered in iridescent
                  | scales. (AC +2) [potion of mutation]
 49973 | Depths:1 | Lost mutation: Your magical capacity is low. (-10% MP)
                  | [potion of mutation]
 49973 | Depths:1 | Gained mutation: Your spells are harder to cast, but more
                  | powerful. [potion of mutation]
 50017 | Depths:1 | Found a runed translucent door.
 50078 | Depths:1 | Found a one-way gate leading to the halls of Pandemonium.
 50721 | Depths:2 | Reached XP level 26. HP: 168/168 MP: 26/35
 51086 | Depths:2 | Found a one-way gate to the infinite horrors of the Abyss.
 51176 | Depths:2 | Found a runed translucent gate.
 51176 | Depths:2 | Found a runed translucent gate.
 51176 | Depths:2 | Found a runed translucent gate.
 51234 | Depths:2 | Noticed fizz's ghost (adept TrFi)
 51267 | Depths:2 | Killed fizz's ghost
 51683 | Depths:2 | Lost mutation: You have large cloven feet. [potion of
                  | mutation]
 51683 | Depths:2 | Lost mutation: You tend to lose your temper in combat.
                  | [potion of mutation]
 51683 | Depths:2 | Gained mutation: You have supernaturally acute eyesight.
                  | (SInv) [potion of mutation]
 51683 | Depths:2 | Gained mutation: You are partially covered in rugged brown
                  | scales. (AC +1, +3% HP) [potion of mutation]
 51754 | Depths:1 | Bought a scroll of brand weapon for 340 gold pieces
 51754 | Depths:1 | Bought a scroll of enchant armour for 127 gold pieces
 52075 | Elf:3    | Got a fine cloak
 52086 | Elf:3    | Identified the +2 cloak "Earthly Heaven" {Regen+ Str+2
                  | Slay+2} (You acquired it on level 3 of the Elven Halls)
 52251 | D:11     | Bought a scroll of blinking for 172 gold pieces
 52328 | Orc:2    | Bought a scroll of blinking for 165 gold pieces
 52328 | Orc:2    | Bought a potion of might for 88 gold pieces
 52328 | Orc:2    | Bought a scroll of identify for 44 gold pieces
 52328 | Orc:2    | Bought a scroll of magic mapping for 77 gold pieces
 52495 | D:15     | Bought a potion of mutation for 296 gold pieces
 52501 | D:15     | Learned a level 5 spell: Venom Bolt
 52505 | D:15     | Learned a level 3 spell: Spectral Weapon
 52565 | Depths:1 | Bought a scroll of teleportation for 51 gold pieces
 52748 | Depths:2 | Identified the +10 plate armour "Isafaumelo" {rC+ Str+2}
                  | (You found it on level 2 of the Depths)
 52995 | Depths:3 | Noticed Mara
 53010 | Depths:3 | Noticed poirepourri's illusion
 53102 | Depths:3 | Killed Mara
 53153 | Depths:3 | Noticed Nikola
 53162 | Depths:3 | Identified the +1 faerie dragon scales {+Blink rC+ rN+
                  | rCorr Str+2 Clar}
 53162 | Depths:3 | Noticed the Enchantress
 53305 | Depths:3 | Killed Nikola
 53443 | Depths:3 | Killed the Enchantress
 53860 | Depths:3 | Reached XP level 27. HP: 189/189 MP: 35/35
 53897 | Depths:3 | Identified Sif Muna's Compendium of the Entourage
 54264 | Depths:4 | Reached skill level 18 in Invocations
 54526 | Depths:4 | Reached skill level 19 in Invocations
 54529 | Depths:4 | Noticed an ancient lich
 54547 | Depths:4 | Killed an ancient lich
 54625 | Depths:4 | Reached skill level 20 in Invocations
 54709 | Depths:4 | Identified the +4 ring mail of Dammu {Str+2} (You found it
                  | on level 4 of the Depths)
 54870 | Depths:4 | Reached skill level 21 in Invocations
 55139 | Depths:4 | You fall through a shaft!
 55139 | Depths:5 | Entered Level 5 of the Depths
 55238 | Depths:5 | Reached skill level 22 in Invocations
 55281 | Depths:5 | Found a gate to the Realm of Zot.
 55347 | Depths:5 | Noticed Xtahua
 55354 | Depths:5 | Killed Xtahua
 55476 | Depths:5 | Noticed Mennas
 55489 | Depths:5 | Killed Mennas
 55944 | Depths:5 | Identified the +7 dire flail of Eternal Harmony {holy, rC+
                  | rN++ Int-5 Dex+3} (You found it on level 5 of the Depths)
 55968 | Depths:5 | Found Zuits's Food Shoppe.
 55971 | Depths:5 | Bought a ration for 65 gold pieces
 55971 | Depths:5 | Bought a ration for 65 gold pieces
 56340 | Zot:1    | Entered Level 1 of the Realm of Zot
 56382 | Zot:1    | Reached skill level 23 in Invocations
 57487 | Zot:1    | Reached skill level 24 in Invocations
 57507 | Zot:1    | Noticed an ancient lich
 57522 | Zot:1    | Killed an ancient lich
 57873 | Zot:2    | Reached skill level 1 in Throwing
 57875 | Zot:2    | Noticed an orb of fire
 57892 | Zot:2    | Killed an orb of fire
 58015 | Zot:2    | Reached skill level 5 in Throwing
 58170 | Zot:2    | Identified the +3 ring mail of the Evil One {rPois rC+}
                  | (You found it on level 2 of the Realm of Zot)
 58474 | Zot:2    | Found a runed translucent door.
 58474 | Zot:2    | Found a shimmering altar of Xom.
 58474 | Zot:2    | Noticed ShutUppercut's ghost (legendary DsGl)
 58839 | Zot:3    | You fall through a shaft!
 59038 | Zot:4    | Reached skill level 10 in Throwing
 60112 | Zot:3    | Identified Cigotuvi's Almanac of Stolen Souls and
                  | Transformation
 60977 | Zot:5    | Entered Level 5 of the Realm of Zot
 61186 | Zot:5    | Noticed an ancient lich
 61188 | Zot:5    | Noticed an ancient lich
 61196 | Zot:5    | Killed an ancient lich
 61212 | Zot:5    | Killed an ancient lich
 61263 | Zot:5    | Noticed an orb of fire
 61264 | Zot:5    | Noticed an orb of fire
 61269 | Zot:5    | Gained mutation: You are agile. (Dex +2) [an orb of fire]
 61269 | Zot:5    | Noticed an ancient lich
 61271 | Zot:5    | Lost mutation: You are agile. (Dex +2) [an orb of fire]
 61272 | Zot:5    | Noticed an orb of fire
 61272 | Zot:5    | Noticed an orb of fire
 61274 | Zot:5    | Gained mutation: You are weak. (Str -2) [an orb of fire]
 61276 | Zot:5    | Gained mutation: You are very weak. (Str -4) [an orb of
                  | fire]
 61277 | Zot:5    | Killed an orb of fire
 61277 | Zot:5    | Reached skill level 15 in Throwing
 61280 | Zot:5    | Lost mutation: Your spells are harder to cast, but more
                  | powerful. [an orb of fire]
 61283 | Zot:5    | Gained mutation: Your magical capacity is low. (-10% MP)
                  | [an orb of fire]
 61285 | Zot:5    | Lost mutation: You are very weak. (Str -4) [an orb of fire]
 61286 | Zot:5    | Gained mutation: You are frail. (-10% HP) [an orb of fire]
 61287 | Zot:5    | Gained mutation: Potions are less effective at restoring
                  | your health. [an orb of fire]
 61287 | Zot:5    | Gained mutation: You are dopey. (Int -2) [an orb of fire]
 61288 | Zot:5    | Gained mutation: Your body sometimes deteriorates upon
                  | taking damage. [an orb of fire]
 61289 | Zot:5    | Killed an orb of fire
 61289 | Zot:5    | Noticed an orb of fire
 61289 | Zot:5    | Gained mutation: You are very dopey. (Int -4) [an orb of
                  | fire]
 61292 | Zot:5    | Killed an orb of fire
 61296 | Zot:5    | Noticed an orb of fire
 61296 | Zot:5    | Gained mutation: Your body often deteriorates upon taking
                  | damage. [an orb of fire]
 61296 | Zot:5    | Gained mutation: You are very weak. (Str -4) [an orb of
                  | fire]
 61297 | Zot:5    | Killed an orb of fire
 61298 | Zot:5    | Noticed an orb of fire
 61302 | Zot:5    | Noticed an orb of fire
 61404 | Zot:5    | Lost mutation: Your spells are a little harder to cast, but
                  | a little more powerful. [potion of mutation]
 61404 | Zot:5    | Lost mutation: Your body often deteriorates upon taking
                  | damage. [potion of mutation]
 61404 | Zot:5    | Lost mutation: You are very dopey. (Int -4) [potion of
                  | mutation]
 61404 | Zot:5    | Lost mutation: Your body sometimes deteriorates upon taking
                  | damage. [potion of mutation]
 61404 | Zot:5    | Lost mutation: You are very weak. (Str -4) [potion of
                  | mutation]
 61404 | Zot:5    | Gained mutation: Your body sometimes deteriorates upon
                  | taking damage. [potion of mutation]
 61404 | Zot:5    | Gained mutation: You expend magic power (3 MP) to
                  | strengthen your wands. [potion of mutation]
 61433 | Zot:5    | Noticed an ancient lich
 61452 | Zot:5    | Killed an ancient lich
 61463 | Zot:5    | HP: 1/171 [Orb Guardian (16)]
 61463 | Zot:5    | Annihilated by an Orb Guardian

Skill      XL: |  1  2  3  4  5  6  7  8  9 10 11 12 13 14 15 16 17 18 19 20 21 22 23 24 25 26 27 |
---------------+----------------------------------------------------------------------------------+-----
Fighting       | 4 5 6 10 12 13 17 18 22 | 22.0
Maces & Flails | 3 5 8 10 12 14 16 19 22 | 22.0
Shields        | 10 12 15 17 20 | 20.9
Armour         | 9 11 12 14 | 14.3
Dodging        | 7 12 14 | 14.0
Evocations     | 2 9 |  9.2
Invocations    | 7 14 17 24 | 24.3
Spellcasting   | 6 7 |  7.4
Charms         | 4 |  4.0
Necromancy     | 5 |  5.4
Throwing       | 16 | 16.1

Action                   |  1- 3 |  4- 6 |  7- 9 | 10-12 | 13-15 | 16-18 | 19-21 | 22-24 | 25-27 || total
-------------------------+-------+-------+-------+-------+-------+-------+-------+-------+-------++-------
Melee: Flail             |   118 |   228 |   319 |   345 |       |       |       |       |       ||  1010
       Eveningstar       |       |       |       |   341 |  1203 |  1919 |   760 |       |       ||  4223
       Morningstar       |       |       |       |       |       |       |   767 |  1947 |  3069 ||  5783
       Bite              |       |       |       |       |       |       |       |     9 |       ||     9
       Sacred scourge    |       |       |       |       |       |       |       |       |    90 ||    90
Throw: Tomahawk          |       |       |       |       |       |    13 |       |       |       ||    13
       Javelin           |       |       |       |       |       |       |       |     1 |       ||     1
 Cast: Apportation       |       |       |       |       |       |     1 |       |       |       ||     1
       Song of Slaying   |       |       |       |       |       |       |       |     1 |       ||     1
Invok: Slouch            |       |       |       |       |       |       |    10 |     6 |    12 ||    28
Evoke: Wand              |       |       |       |       |       |    32 |     7 |    10 |    16 ||    65
       Box of beasts     |       |       |       |       |       |     2 |       |       |     5 ||     7
       Lamp of fire      |       |       |       |       |       |       |     2 |       |     1 ||     3
       Phial of floods   |       |       |       |       |       |       |     2 |       |     2 ||     4
       Sack of spiders   |       |       |       |       |       |       |       |       |     1 ||     1
       Phantom mirror    |       |       |       |       |       |       |       |       |     1 ||     1
  Use: Scroll            |     7 |     4 |    10 |     8 |    13 |    22 |    10 |     9 |    33 ||   116
       Potion            |       |     4 |     4 |     9 |     2 |     8 |     7 |     4 |     9 ||    47
 Stab: Sleeping          |       |       |       |     1 |     6 |     1 |    11 |    10 |     5 ||    34
       Confused          |       |       |       |       |       |     6 |       |       |       ||     6
       Distracted        |       |       |       |       |       |     7 |     8 |     4 |     2 ||    21
       Petrified         |       |       |       |       |       |       |       |       |     2 ||     2
  Eat: Chunk             |     1 |     1 |     2 |       |     1 |       |       |     1 |     6 ||    12
       Ration            |       |     2 |     4 |     4 |     4 |     8 |     7 |     6 |     9 ||    44
Armor: Scale mail        |    61 |   142 |   167 |    19 |       |       |       |       |       ||   389
       Ring mail         |       |       |       |   260 |   349 |   632 |   417 |   419 |   318 ||  2395
       Plate armour      |       |       |       |       |       |       |       |       |   748 ||   748
Dodge: Dodged            |    41 |    83 |    84 |   221 |   663 |  1996 |  1194 |  1394 |  2535 ||  8211
Block: Shield            |    62 |   121 |   153 |   568 |  1245 |  2463 |  1673 |  2252 |  4123 || 12660
       Reflection        |       |       |       |       |       |       |   107 |    92 |    98 ||   297
